 Dungeon Crawl Stone Soup version 0.22-a0-480-g991dd4b (webtiles) character file.

17 CougarLife the Ducker (level 2, 0/23 HPs)
             Began as a Demonspawn Gladiator on June 14, 2018.
             Slain by a leopard gecko (3 damage)
             ... on level 1 of the Dungeon.
             The game lasted 00:00:31 (330 turns).

CougarLife the Ducker (Demonspawn Gladiator)         Turns: 330, Time: 00:00:31

Health: 0/23       AC:  4    Str: 14    XL:     2   Next: 44%
Magic:  2/2        EV: 13    Int:  9    God:
Gold:   45         SH:  0    Dex: 14    Spells: 1/1 levels left

rFire    . . .     SeeInvis .   a - +0 war axe
rCold    . . .     Gourm    .   (no shield)
rNeg     . . .     Faith    .   b - +0 leather armour
rPois    .         Spirit   .   c - +0 helmet
rElec    .         Reflect  .   (no cloak)
rCorr    .         Harm     .   (no gloves)
MR       .....                  (no boots)
Stlth    +.........             (no amulet)
HPRegen  0.07/turn              (no ring)
MPRegen  0.08/turn              (no ring)

@: no status effects
A: powered by pain 1
a: no special abilities


You were on level 1 of the Dungeon.
You were not hungry.

You visited 1 branch of the dungeon, and saw 1 of its levels.

You collected 45 gold pieces.

Inventory:

Hand Weapons
 a - a +0 war axe (weapon)
Missiles
 d - 3 throwing nets (quivered)
Armour
 b - a +0 leather armour (worn)
 c - a +0 helmet (worn)
Jewellery
 k - an uncursed ring of protection from magic {unknown}
Scrolls
 g - a scroll of amnesia {unknown}
 h - 4 scrolls of blinking {unknown}
 m - a scroll of identify {unknown}
Potions
 e - 2 potions of might {unknown}
 i - a potion of curing {unknown}
 l - a potion of agility {unknown}
Comestibles
 f - 3 rations
 j - 10 chunks of flesh


   Skills:
 + Level 2.6 Fighting
 - Level 2.6 Axes
 - Level 1.7 Throwing
 + Level 3.1 Dodging


You had one spell level left.
You didn't know any spells.
Your spell library was empty.

Dungeon Overview and Level Annotations

Branches:
Dungeon (1/15)

Altars:


Innate Abilities, Weirdness & Mutations

You sometimes gain a little power by taking damage.


Message History

You butcher the rat corpse.
j - 10 chunks of flesh (gained 1)
You see here a rat skeleton.
A leopard gecko comes into view.
Found a scroll labeled AWEMEY ONOYD OTUNY.
Found a stone staircase leading down.
There are monsters nearby!
There are monsters nearby!
You are too injured to fight recklessly!
You are too injured to fight recklessly!
The leopard gecko hisses angrily.
Found a stone staircase leading down.
The bat misses you. The bat hits you but does no damage. x2
You hit the leopard gecko.
The leopard gecko is moderately wounded.
You miss the bat. The bat barely misses you. The bat closely misses you.
The leopard gecko misses you. The bat hits you but does no damage.
The leopard gecko bites you.
You die...

###.....###.##.# ##...##
##..### ###### #####
############### ..
.............. #.#
..........# ... ...#..#
#.# ##...# #.# ##...#
#.# #รท.#@#
.####.#######.##lb....#
..............#...>...#
#####.#####...##......#
#># #..#.......?.#
#####.####............>.
...........#############
.####.##..## ## #.##.##


You could see a leopard gecko and a bat.

Vanquished Creatures
  2 dart slugs (D:1)
  A leopard gecko (D:1)
  A giant cockroach (D:1)
  4 hobgoblins (D:1)
  A kobold (D:1)
  3 rats (D:1)
12 creatures vanquished.

Notes
Turn   | Place    | Note
-------+----------+-------------------------------------------
     0 | D:1      | CougarLife the Demonspawn Gladiator began the quest for the Orb.
     0 | D:1      | Reached XP level 1. HP: 16/16 MP: 1/1
   207 | D:1      | Reached skill level 3 in Dodging
   207 | D:1      | Gained mutation: You sometimes gain a little power by taking damage. [demonic ancestry]
   207 | D:1      | Reached XP level 2. HP: 15/23 MP: 2/2
   284 | D:1      | HP: 1/23 [leopard gecko (4)]
   330 | D:1      | Slain by a leopard gecko

Vault maps used:
D:1:      dpeg_cavernosity, serial_curves, eino_curves_02, eino_curves_03,
          eino_curves_01

Skill      XL: |  1 |
---------------+----+-----
Dodging        | 3 |  3.1
Fighting       | |  2.6
Axes           | |  2.6
Throwing       | |  1.7

Action                   || total
-------------------------++-------
Melee: War axe           ||    33
Armor: Leather armour    ||    10
Dodge: Dodged            ||    16

Table legend:
 A = Spawn XP
 B = Non-spawn XP
 C = Spawn XP percentage of total XP
 D = Spawn monster count
 E = Non-spawn monster count
 F = Spawn count percentage of total count
 G = Total turns spent on level
                    A         B        C        D         E        F      G
               +---------+---------+-------+---------+---------+-------+---------
         Total |       0 |      25 |   0.0 |       0 |      12 |   0.0 |   330
               +---------+---------+-------+---------+---------+-------+---------
           D:1 |       0 |      25 |   0.0 |       0 |      12 |   0.0 |   330
               +---------+---------+-------+---------+---------+-------+---------
